 Dungeon Sprint DCSS version 0.20.1-1-g8b1a95d (webtiles) character file.

9909 potatolord6000 the Unseen (level 11, -7/64 HPs)
             Began as a Spriggan Assassin on Aug 23, 2017.
             Was an Initiate of Gozag.
             Mangled by a stone giant (29 damage)
             ... in the Dungeon (Sprint IX: "|||||||||||||||||||||||||||||").
             The game lasted 00:11:54 (1822 turns).

potatolord6000 the Unseen (Spriggan Assassin)       Turns: 1822, Time: 00:11:55

Health: -7/64      AC:  7    Str: 12    XL:     11   Next: 29%
Magic:  12/12      EV: 41    Int: 20    God:    Gozag
Gold:   119        SH:  0    Dex: 25    Spells: 10/10 levels left

rFire    . . .     SeeInvis +   b - +6 rapier (pierce)
rCold    . . .     Gourm    .   (shield restricted)
rNeg     . . .     Faith    .   c - +2 robe
rPois    +         Spirit   .   d - +1 hat
rElec    +         Reflect  .   p - +0 cloak {rPois}
rCorr    .         Harm     .   (gloves unavailable)
MR       +....     NoTele   +   (boots unavailable)
Stlth    +++++++++.             i - amulet "Foqizieh" {RegenMP rElec Int+4 Dex-4 Slay+5}
Regen    0.2/turn               a - +3 ring of dexterity
MPRegen  0.2/turn               e - +3 ring of intelligence

@: mighty, agile, gold aura, very quick
A: unfitting armour, horns 1, see invisible, herbivore 3, speed 3, shaggy fur 1,
slow metabolism 2
a: Potion Petition, Call Merchant, Bribe Branch, Renounce Religion


You were in the Dungeon.
You worshipped Gozag.
Gozag was aware of your devotion.
You were very full.

You visited 1 branch You collected 4983 gold pieces.
You spent 1030 gold pieces at shops.
You paid 3834 gold pieces to Gozag.

Inventory:

Hand Weapons
 b - a +6 rapier of piercing (weapon)
Armour
 c - a +2 robe (worn)
 d - a +1 hat (worn)
 p - a +0 cloak of poison resistance (worn)
Jewellery
 a - a +3 ring of dexterity (left hand)
 e - a +3 ring of intelligence (right hand)
 i - the amulet "Foqizieh" (around neck) {RegenMP rElec Int+4 Dex-4 Slay+5}
   (You bought it in a shop in the Dungeon)

   [amulet of magic regeneration]

   It increases your magic regeneration.
   It affects your intelligence (+4).
   It affects your dexterity (-4).
   It affects your accuracy and damage with ranged weapons and melee attacks
   (+5).
   It insulates you from electricity.
Scrolls
 m - 2 scrolls of blinking
 n - 3 scrolls of remove curse
 o - 2 scrolls of amnesia
 r - a scroll of recharging
 s - 2 scrolls of identify
Potions
 h - a potion of curing
 k - 4 potions of magic
Comestibles
 f - 40 fruits
 g - 12 bread rations


   Skills:
 + Level 10.8 Fighting
 + Level 13.6 Short Blades
 + Level 12.6 Throwing
 + Level 16.9 Dodging
 + Level 18.8 Stealth


You had 10 spell levels left.
You didn't know any spells.

Dungeon Overview and Level Annotations

Branches:
Dungeon (1/1)

Altars:
Cheibriados
Dithmenos
Elyvilon
Fedhas
Gozag
Hepliaklqana
Kikubaaqudgha
Makhleb
Nemelex Xobeh
Okawaru
Qazlal
Ru
Sif Muna
Trog
Uskayaw
Vehumet
Xom
Yredelemnul
Zin
The Shining One
Beogh
Jiyva
Lugonu

Shops:
D (**=[(


Innate Abilities, Weirdness & Mutations

You are very small and have problems with some larger weapons.
You are too small for most types of armour.
You have supernaturally acute eyesight. (SInv)
You are a herbivore.
You cover ground extremely quickly.
You need consume almost no food.
You have a pair of small horns on your head.
You are covered in fur. (AC +1)


Message History

The troll is almost dead.
You barely miss the troll.
The troll is almost dead.
The ogre mage is no longer distracted by gold.
The troll misses you. The troll completely misses you. x2
The stone giant is distracted by the nearby gold.
The stone giant shouts!
You impale the troll!!
You kill the troll!
The troll is distracted by the nearby gold.
You feel better.
Found 50 gold pieces.
You see here 365 gold pieces.
You hit the stone giant.
The stone giant is no longer distracted by gold.
You headbutt the stone giant, but do no damage.
The stone giant is lightly wounded.
The stone giant hits you!!
You die...
Your body crumbles into a pile of gold. * * , * * , , , ▓▓▓▓▓▓▓▓▓▓▓▓▓▓▓▓▓▓▓▓▓▓▓▓ * .'))))[[[[[[[∩'$@CO$TO∩$ $ $$$$$

▓▓▓▓▓▓▓▓▓▓▓▓▓▓▓▓▓▓▓▓▓▓▓▓▓▓▓▓▓▓▓▓▓
.................................
▓▓▓▓▓▓▓▓▓▓▓▓▓▓▓▓▓▓▓▓▓▓▓▓▓▓▓▓▓▓▓▓▓
.....+.........'...........('%.[[
▓▓▓▓▓▓▓▓▓▓▓▓▓▓▓▓▓▓▓▓▓▓▓▓▓▓▓▓▓▓▓▓▓
.................................
▓▓▓▓▓▓▓▓▓▓▓▓▓▓▓▓▓▓▓▓▓▓▓▓▓▓▓▓▓▓▓▓▓
__________.____'..|)[[[..').)...'


You could see a stone giant, 2 ogre magi and a troll.

Vanquished Creatures
  Gastronok (D)
  A two-headed ogre (D)
  2 deep trolls (D)
  3 orc knights (D)
  Maurice (D)
  2 spiny frogs (D)
  A kobold demonologist (D)
  3 trolls (D)
  A hippogriff (D)
  A yak (D)
  Grum (D)
  A vampire mosquito (D)
  A warg (D)
  2 porcupines (D)
  A hell hound (D)
  12 orc warriors (D)
  An ogre (D)
  3 wolves (D)
  A centaur (D)
  2 bullfrogs (D)
  A scorpion (D)
  2 orc priests (D)
  2 orc wizards (D)
  2 worker ants (D)
  A dart slug (D)
  6 orcs (D)
  A bat skeleton (D)
  A giant cockroach (D)
  A goblin (D)
  A quokka (D)
  A bat (D)
  2 kobolds (D)
  A leopard gecko zombie (D)
  A quokka zombie (D)
64 creatures vanquished.

Vanquished Creatures (others)
  A hydra (D)
  A yak (D)
  A warg (D)
  A hound (D)
4 creatures vanquished.

Grand Total: 68 creatures vanquished

Notes
Turn   | Place    | Note
-------+----------+-------------------------------------------
     0 | D        | potatolord6000 the Spriggan Assassin began the quest for the Orb.
     0 | D        | Reached XP level 1. HP: 10/10 MP: 2/2
     5 | D        | Reached skill level 6 in Stealth
    23 | D        | Noticed a worker ant
    23 | D        | Noticed a centaur
    23 | D        | Noticed a worker ant
    25 | D        | Killed a worker ant
    25 | D        | Reached skill level 7 in Stealth
    25 | D        | Reached XP level 2. HP: 15/16 MP: 3/3
    25 | D        | Reached XP level 3. HP: 18/19 MP: 4/4
    55 | D        | Killed a centaur
    55 | D        | Reached skill level 8 in Stealth
    55 | D        | Reached XP level 4. HP: 24/25 MP: 5/5
    84 | D        | Reached skill level 5 in Short Blades
    84 | D        | Reached skill level 9 in Stealth
    88 | D        | Reached XP level 5. HP: 21/29 MP: 6/6
   103 | D        | Found a roughly hewn altar of Beogh.
   103 | D        | Found a snail-covered altar of Cheibriados.
   103 | D        | Found a shadowy altar of Dithmenos.
   103 | D        | Found a white marble altar of Elyvilon.
   103 | D        | Found a blossoming altar of Fedhas.
   103 | D        | Found an opulent altar of Gozag.
   104 | D        | Found a hazy altar of Hepliaklqana.
   105 | D        | Found a viscous altar of Jiyva.
   106 | D        | Found an ancient bone altar of Kikubaaqudgha.
   107 | D        | Found a corrupted altar of Lugonu.
   108 | D        | Found a burning altar of Makhleb.
   109 | D        | Found a sparkling altar of Nemelex Xobeh.
   110 | D        | Found an iron altar of Okawaru.
   111 | D        | Became a worshipper of Gozag Ym Sagoz the Greedy
   112 | D        | Found a stormy altar of Qazlal.
   113 | D        | Found a sacrificial altar of Ru.
   114 | D        | Found a deep blue altar of Sif Muna.
   115 | D        | Found a bloodstained altar of Trog.
   116 | D        | Found a hide-covered altar of Uskayaw.
   117 | D        | Found a radiant altar of Vehumet.
   119 | D        | Found a shimmering altar of Xom.
   120 | D        | Found a basalt altar of Yredelemnul.
   121 | D        | Found a glowing silver altar of Zin.
   122 | D        | Found a glowing golden altar of the Shining One.
   197 | D        | Noticed an ogre
   197 | D        | Noticed a two-headed ogre
   197 | D        | Noticed a troll
   197 | D        | Noticed an ogre
   206 | D        | Killed a two-headed ogre
   206 | D        | Reached skill level 10 in Dodging
   206 | D        | Reached skill level 12 in Stealth
   206 | D        | Reached XP level 6. HP: 37/37 MP: 7/7
   206 | D        | Reached XP level 7. HP: 41/41 MP: 8/8
   210 | D        | Killed a troll
   213 | D        | Reached skill level 13 in Stealth
   213 | D        | Reached XP level 8. HP: 27/45 MP: 9/9
   341 | D        | Noticed a troll
   341 | D        | Noticed a kobold demonologist
   354 | D        | Noticed a sun demon
   354 | D        | Killed a kobold demonologist
   369 | D        | Killed a troll
   369 | D        | Reached skill level 14 in Stealth
   371 | D        | Reached skill level 10 in Short Blades
   497 | D        | Noticed a spiny frog
   497 | D        | Noticed a spiny frog
   503 | D        | Killed a spiny frog
   503 | D        | Reached XP level 9. HP: 40/51 MP: 10/10
   533 | D        | Bought a potion of mutation for 120 gold pieces
   533 | D        | Gained mutation: You are partially covered in molten scales. (AC +2) [potion of mutation]
   533 | D        | Gained mutation: You passively map a small area around you. [potion of mutation]
   533 | D        | Gained mutation: Potions are less effective at restoring your health. [potion of mutation]
   533 | D        | Gained mutation: Your flesh is heat resistant. (rF+) [potion of mutation]
   534 | D        | Lost mutation: Potions are less effective at restoring your health. [potion of mutation]
   534 | D        | Lost mutation: Your flesh is heat resistant. (rF+) [potion of mutation]
   534 | D        | Lost mutation: You are partially covered in molten scales. (AC +2) [potion of mutation]
   534 | D        | Lost mutation: You passively map a small area around you. [potion of mutation]
   534 | D        | Gained mutation: You are covered in fur. (AC +1) [potion of mutation]
   534 | D        | Gained mutation: You have a pair of small horns on your head. [potion of mutation]
   562 | D        | Reached skill level 10 in Throwing
   562 | D        | Reached skill level 15 in Stealth
   591 | D        | Noticed a spiny frog
   591 | D        | Noticed a spiny frog
   591 | D        | Noticed an eight-headed hydra
   591 | D        | Noticed an elephant
   599 | D        | Banished an eight-headed hydra
   632 | D        | Killed a spiny frog
   833 | D        | Reached skill level 16 in Stealth
   849 | D        | Reached XP level 10. HP: 30/58 MP: 11/11
  1011 | D        | Noticed Maurice
  1023 | D        | Noticed Grum
  1038 | D        | Killed Maurice
  1040 | D        | Killed Grum
  1222 | D        | Noticed Gastronok
  1229 | D        | Killed Gastronok
  1229 | D        | Reached skill level 15 in Dodging
  1229 | D        | Reached skill level 17 in Stealth
  1305 | D        | Noticed an orc knight
  1357 | D        | Killed an orc knight
  1357 | D        | Reached skill level 10 in Fighting
  1678 | D        | Noticed an orc knight
  1678 | D        | Noticed an orc knight
  1682 | D        | Killed an orc knight
  1682 | D        | Reached skill level 18 in Stealth
  1723 | D        | Reached XP level 11. HP: 29/64 MP: 12/12
  1736 | D        | Killed an orc knight
  1796 | D        | Bought the amulet "Foqizieh" {RegenMP rElec Int+4 Dex-4 Slay+5} for 910 gold pieces
  1799 | D        | Found Ywka Oto's Antique Armour Emporium.
  1799 | D        | Noticed a deep troll
  1799 | D        | Noticed a deep troll
  1799 | D        | Noticed an ogre mage
  1799 | D        | Noticed a stone giant
  1805 | D        | Noticed an ogre mage
  1812 | D        | Killed a deep troll
  1813 | D        | Found Gitugoga's Antique Weapon Shoppe.
  1816 | D        | Killed a deep troll
  1822 | D        | Mangled by a stone giant

Skill      XL: |  1  2  3  4  5  6  7  8  9 10 |
---------------+-------------------------------+-----
Dodging        | 4 6 10 11 12 14 16 | 16.9
Stealth        | 7 8 9 12 13 14 16 18 | 18.8
Fighting       | 2 3 6 7 9 10 | 10.8
Short Blades   | 3 4 5 8 9 10 11 13 | 13.6
Throwing       | 3 4 7 8 9 10 12 | 12.6

Action                   |  1- 3 |  4- 6 |  7- 9 | 10-12 || total
-------------------------+-------+-------+-------+-------++-------
Melee: Dagger            |    41 |    31 |       |       ||    72
       Rapier            |       |     8 |   131 |   196 ||   335
       Headbutt          |       |       |    24 |    56 ||    80
Invok: Call Merchant     |       |       |     1 |     3 ||     4
       Potion Petition   |       |       |       |     1 ||     1
  Use: Potion            |     2 |     1 |     7 |     6 ||    16
       Scroll            |       |       |       |     7 ||     7
 Stab: Sleeping          |     3 |       |       |     3 ||     6
       Invisible         |       |     1 |     2 |       ||     3
       Distracted        |       |       |       |     3 ||     3
  Eat: Bread ration      |       |       |     1 |       ||     1
Armor: Robe              |     2 |     2 |     7 |     2 ||    13
Dodge: Dodged            |    21 |    25 |   147 |    91 ||   284
